 Dungeon Crawl Stone Soup version 0.16.2-12-gd0ad4c3 (webtiles) character file.

213 SlimeFever the Ruffian (level 5, -4/47 HPs)
             Began as a Minotaur Monk on Mar 19, 2016.
             Slain by a hound (5 damage)
             ... on level 4 of the Dungeon.
             The game lasted 00:19:01 (2196 turns).

SlimeFever the Ruffian (Minotaur Monk)              Turns: 2196, Time: 00:19:01

Health: -4/47      AC:  2    Str: 16    XL:     5   Next: 59%
Magic:  2/2        EV: 14    Int:  7    God:
Gold:   80         SH:  0    Dex: 13    Spells: 0 memorised, 4 levels left

rFire  . . .     SeeInvis .       - Unarmed
rCold  . . .     Clarity  .     h - +0 robe
rNeg   . . .     SustAb   .     (no shield)
rPois  .         Gourm    .     (helmet restricted)
rElec  .         Spirit   .     (no cloak)
rCorr  .         Warding  .     (no gloves)
rMut   .         Stasis   .     (no boots)
MR     .....                    (no amulet)
Stlth  ++........               (no ring)
                                (no ring)

@: very slightly contaminated, invisible, not resistant to hostile enchantments,
unstealthy
A: retaliatory headbutt, horns 2
a: no special abilities


You were on level 4 of the Dungeon.
You were not hungry.

You visited 1 branch of the dungeon, and saw 4 of its levels.

You collected 80 gold pieces.

Inventory:

Missiles
 d - 23 sling bullets
 e - 72 arrows
 j - 22 poisoned needles
Armour
 h - a +0 robe (worn)
Scrolls
 m - a scroll of identify
Potions
 a - 2 potions of heal wounds {unknown}
 c - a potion of invisibility
 f - a potion of might {unknown}
 g - 2 potions of mutation {unknown}
 i - 3 potions of brilliance {unknown}
 k - a potion of restore abilities {unknown}
 n - a potion of poison {unknown}
Comestibles
 b - 5 bread rations


   Skills:
 + Level 4.3 Fighting
 + Level 4.8 Dodging
 + Level 1.9 Stealth
 + Level 6.1 Unarmed Combat


You had 4 spell levels left.
You didn't know any spells.

Dungeon Overview and Level Annotations

Branches:
Dungeon (4/15)
 Temple: D:4-7

Altars:
Gozag
Kikubaaqudgha
Trog
The Shining One


Innate Abilities, Weirdness & Mutations

You reflexively headbutt those who attack you in melee.
You have a pair of horns on your head.


Message History

* * * LOW HITPOINT WARNING * * *
You see here an orc corpse.
You closely miss the orc priest. The hound completely misses you.
The orc priest hits you with a mace!
* * * LOW HITPOINT WARNING * * *
The hound misses you. You furiously retaliate!
You headbutt the hound! You closely miss the orc priest.
Your surroundings suddenly seem different.
You fade into invisibility!
You are very lightly contaminated with residual magic.
You miss the hound.
The hound is heavily wounded.
The hound bites you.
* * * LOW HITPOINT WARNING * * *
The hound bites you.
* * * LOW HITPOINT WARNING * * *
You miss the hound.
The hound is heavily wounded.
The hound bites you.
You die...

#### #########
.?...####.........
#.........# ....#
w##......###.....#
#.....@..........
#%#.##.h....<....
# #. ###)#.......
. #.##...o. .# #†#
#...# #. #o# #..o
.s# .. ##.. ..#


You could see a hound.

Vanquished Creatures
  2 orc priests (D:4)
  A gnoll (D:1)
  7 adders
  2 giant mites
  A giant gecko (D:3)
  An ooze (D:3)
  5 orcs
  2 giant cockroaches
  6 goblins
  9 hobgoblins
  A quokka (D:4)
  7 bats
  4 giant newts
  3 jackals (D:1)
  11 kobolds
  4 rats
66 creatures vanquished.

Notes
Turn   | Place    | Note
--------------------------------------------------------------
     0 | D:1      | SlimeFever, the Minotaur Monk, began the quest for the Orb.
     0 | D:1      | Reached XP level 1. HP: 19/19 MP: 1/1
   124 | D:1      | Reached XP level 2. HP: 16/27 MP: 1/1
   372 | D:1      | Reached skill level 5 in Unarmed Combat
   718 | D:1      | Reached XP level 3. HP: 33/33 MP: 2/2
   767 | D:2      | Found an ancient bone altar of Kikubaaqudgha.
  1110 | D:2      | Found a bloodstained altar of Trog.
  1138 | D:2      | Reached XP level 4. HP: 30/40 MP: 2/2
  1612 | D:3      | Found an opulent altar of Gozag.
  1728 | D:3      | Found a glowing golden altar of the Shining One.
  1789 | D:3      | Reached XP level 5. HP: 34/46 MP: 2/2
  2186 | D:4      | Reached skill level 6 in Unarmed Combat
  2195 | D:4      | HP: 1/47 [hound (2)]
  2196 | D:4      | Slain by a hound

Action                   |  1- 3 |  4- 6 || total
-------------------------+-------+-------++-------
Melee: Unarmed           |    87 |   101 ||   188
  Use: Scroll            |     1 |     5 ||     6
       Potion            |       |     1 ||     1
 Stab: Sleeping          |       |     2 ||     2
  Eat: Chunk             |     1 |       ||     1
       Pizza             |       |     1 ||     1
       Bread ration      |       |     1 ||     1
